 Dungeon Crawl Stone Soup version 0.28-a0-998-gb9e9c7b67e (webtiles) character file.

Game seed: 15344889037522569371

472946 vurker the Eclecticist (level 22, 0/194 HPs)
             Began as a Demigod Air Elementalist on Dec 4, 2021.
             Slain by a storm dragon (8 damage)
             ... on level 2 of the Realm of Zot on Dec 5, 2021.
             The game lasted 01:45:24 (79794 turns).

vurker the Eclecticist (Demigod Air Elementalist)  Turns: 79794, Time: 01:45:24

Health: 0/194      AC: 12    Str:  6    XL:     22   Next: 25%
Magic:  31/53      EV: 18    Int: 43    God:
Gold:   1709       SH:  0    Dex: 14    Spells: 25/61 levels left

rFire   + . .      SeeInvis +   a - staff of cold
rCold   + + +      Faith    .   P - +3 warlock's mirror {reflect}
rNeg    . . .      Spirit   .   H - +2 robe {Archmagi}
rPois   +          Reflect  +   i - +2 helmet {SInv}
rElec   +          Harm     .   K - scarf {rC+ rF+}
rCorr   +          Rampage  .   g - +2 pair of gloves {infuse}
Will    ++...      Archmagi +   I - +1 pair of boots
Stlth   +.........              y - amulet of magic regeneration
HPRegen 0.42/turn               k - ring of the Philosopher {Fly rElec rPois rC+ Str-3}
MPRegen 0.73/turn               A - ring of resist corrosion

@: confused, unable to drink, flying, studying 2 skills
A: high mp 1, forlorn, divine attributes, dopey 1
}: 3/15 runes: barnacled, slimy, gossamer
a: no special abilities


You were on level 2 of the Realm of Zot.
You visited 10 branches of the dungeon, and saw 49 of its levels.
You also visited: Sewer and Ossuary.

You collected 5751 gold pieces.
You spent 4042 gold pieces at shops.

Inventory:

Hand Weapons
 b - the +3 flail of the Purse {drain, rF+ rCorr}
   (You took it off a gnoll on level 10 of the Dungeon)

   A truly terrible weapon, it drains the life of any living foe it strikes.
   rF:        It protects you from fire.
   rCorr:     It protects you from acid and corrosion.
Armour
 g - a +2 pair of gloves of infusion (worn)
   (You found it on level 2 of the Depths)
 i - a +2 helmet of see invisible (worn)
   (You acquired it on level 4 of the Shoals)
 H - a +2 robe of the Archmagi (worn)
   (You took it off an orc wizard on level 7 of the Dungeon)
 I - a +1 pair of boots (worn)
   (You found it on level 1 of the Realm of Zot)
 K - a scarf of resistance (worn)
   (You acquired it on level 2 of the Elven Halls)
 P - the +3 warlock's mirror (worn) {reflect}
   (You found it on level 12 of the Dungeon)

   It can block and reflect piercing ranged attacks and magical attacks against
   the wielder's willpower.
 Y - a +0 kite shield of protection
   (You took it off a deep elf demonologist on level 3 of the Elven Halls)
Magical Staves
 a - a staff of cold (weapon)
   (You found it on level 10 of the Dungeon)
 E - a staff of air
   (You found it on level 3 of the Elven Halls)
 O - a staff of fire
   (You found it on level 12 of the Dungeon)
 V - a staff of death
   (You found it on level 13 of the Dungeon)
Jewellery
 e - the ring of Disaster {Wiz rF+ rC+}
   (You bought it in a shop on level 1 of the Depths)

   [ring of wizardry]

   It improves your spell success rate.
   rF:        It protects you from fire.
   rC:        It protects you from cold.
 f - a ring of willpower
   (You found it on level 9 of the Dungeon)
 k - the ring of the Philosopher (left hand) {Fly rElec rPois rC+ Str-3}
   (You acquired it on level 8 of the Dungeon)

   [ring of flight]

   Str:       It affects your strength (-3).
   rC:        It protects you from cold.
   rElec:     It insulates you from electricity.
   rPois:     It protects you from poison.
   Fly:       It grants you flight.
 q - a ring of protection from cold
   (You found it on level 5 of the Pits of Slime)
 y - an amulet of magic regeneration (around neck)
   (You found it on level 2 of the Lair of Beasts)
 A - a ring of resist corrosion (right hand)
   (You found it on level 3 of the Lair of Beasts)
 Z - the ring "Qiuneod" {rF+ SInv}
   (You took it off a deep elf demonologist on level 3 of the Elven Halls)

   [ring of protection from fire]

   rF:        It protects you from fire.
   SInv:      It lets you see invisible.
Wands
 d - a wand of iceblast (5)
   (You found it on level 1 of the Realm of Zot)
 t - a wand of flame (14)
   (You found it on level 4 of the Vaults)
 u - a wand of paralysis (21)
   (You found it on level 2 of the Lair of Beasts)
 v - a wand of digging (25)
   (You found it on level 5 of the Dungeon)
 x - a wand of acid (19)
   (You found it on level 2 of the Dungeon)
 J - a wand of polymorph (26)
   (You found it on level 7 of the Dungeon)
 S - a wand of charming (8)
   (You found it on level 11 of the Dungeon)
 T - a wand of mindburst (10)
   (You bought it in a shop on level 3 of the Vaults)
Scrolls
 c - 10 scrolls of magic mapping
 h - 28 scrolls of identify
 j - 9 scrolls of fog
 m - 11 scrolls of immolation
 n - 10 scrolls of teleportation
 p - 4 scrolls of amnesia
 s - 9 scrolls of enchant armour
 D - 2 scrolls of silence
 M - 7 scrolls of fear
 Q - a scroll of blinking
Potions
 l - 4 potions of cancellation
 o - 7 potions of brilliance
 r - 8 potions of lignification
 w - 9 potions of ambrosia
 z - 10 potions of heal wounds
 B - 6 potions of haste
 C - 2 potions of invisibility
 F - 4 potions of flight
 G - 14 potions of curing
 L - 2 potions of resistance
 W - a potion of magic
 X - 12 potions of mutation


   Skills:
 + Level 15.9 Fighting
 + Level 12.3 Dodging
 - Level 1.7 Stealth
 - Level 4.0 Shields
 * Level 20.4 Spellcasting
 - Level 3.0 Conjurations
 - Level 5.7 Necromancy
 * Level 19.5 Ice Magic
 - Level 19.0 Air Magic


You had 25 spell levels left.
You knew the following spells:

 Your Spells              Type           Power      Damage    Failure   Level
a - Ozocubu's Refrigerat  Ice            84%        4d21      1%          7
b - Polar Vortex          Ice            84%        N/A       16%         9
c - Airstrike             Air            71%        N/A       0%          4
f - Maxwell's Capacitive  Air            71%        ∞         1%          8
z - Infestation           Necr           48%        N/A       97%         8

Your spell library contained the following spells:

 Spells                   Type           Power      Damage    Failure   Level
 Freeze                   Ice            100%       1d11      0%          1
 Shock                    Conj/Air       100%       1d9       0%          1
 Corpse Rot               Necr/Air       100%       N/A       0%          2
 Ensorcelled Hibernation  Hex/Ice        100%       N/A       0%          2
 Static Discharge         Conj/Air       100%       N/A       0%          2
 Ozocubu's Armour         Ice            100%       N/A       0%          3
 Swiftness                Air            100%       N/A       0%          3
 Animate Skeleton         Necr           100%       N/A       1%          1
 Beastly Appendage        Tmut           100%       N/A       1%          1
 Foxfire                  Conj/Fire      100%       2x1d9     1%          1
 Magic Dart               Conj           100%       1d8       1%          1
 Pain                     Necr           100%       1d9       1%          1
 Slow                     Hex            100%       N/A       1%          1
 Call Imp                 Summ           60%        N/A       1%          2
 Scorch                   Fire           100%       2d10      1%          2
 Searing Ray              Conj           100%       2d8       1%          2
 Sublimation of Blood     Necr           96%        N/A       1%          2
 Wereblood                Tmut           60%        N/A       1%          2
 Call Canine Familiar     Summ           60%        N/A       1%          3
 Confusing Touch          Hex            60%        N/A       1%          3
 Conjure Flame            Conj/Fire      71%        6-21      1%          3
 Dazzling Flash           Conj/Hex       100%       N/A       1%          3
 Gell's Gravitas          Tloc           60%        N/A       1%          3
 Ignite Poison            Fire/Tmut/Pois 60%        N/A       1%          3
 Inner Flame              Hex/Fire       60%        N/A       1%          3
 Mephitic Cloud           Conj/Pois/Air  100%       N/A       1%          3
 Portal Projectile        Hex/Tloc       100%       N/A       1%          3
 Spider Form              Tmut/Pois      60%        N/A       1%          3
 Summon Guardian Golem    Hex/Summ       60%        N/A       1%          3
 Vampiric Draining        Necr           96%        2d12      1%          3
 Animate Dead             Necr           48%        N/A       1%          4
 Dispel Undead            Necr           96%        3d30      1%          4
 Summon Ice Beast         Ice/Summ       100%       N/A       1%          4
 Summon Lightning Spire   Summ/Air       100%       N/A       1%          4
 Agony                    Necr           96%        N/A       1%          5
 Excruciating Wounds      Necr           48%        N/A       1%          5
 Freezing Cloud           Conj/Ice/Air   76%        6-21      1%          5
 Lightning Bolt           Conj/Air       59%        1d81      1%          5
 Silence                  Hex/Air        56%        N/A       1%          5
 Conjure Ball Lightning   Conj/Air       59%        3x3d21    1%          6
 Simulacrum               Ice/Necr       74%        N/A       1%          6
 Flame Wave               Conj/Fire      71%        2d11      2%          4
 Fulminant Prism          Conj/Hex       35%        3d18      2%          4
 Iskenderun's Mystic Bla  Conj/Tloc      71%        2d14      2%          4
 Sticky Flame             Conj/Fire      71%        2d8       2%          4
 Cause Fear               Hex            30%        N/A       4%          4
 Leda's Liquefaction      Hex/Erth       30%        N/A       4%          4
 Olgreb's Toxic Radiance  Pois           60%        N/A       4%          4
 Borgnjor's Vile Clutch   Necr/Erth      40%        N/A       4%          5
 Death Channel            Necr           48%        N/A       7%          6
 Storm Form               Tmut/Air       56%        N/A       9%          7
 Alistair's Intoxication  Tmut/Pois      40%        N/A       14%         5
 Lee's Rapid Deconstruct  Erth           30%        3d17*     14%         5
 Summon Forest            Summ/Tloc      30%        N/A       14%         5
 Summon Mana Viper        Hex/Summ       60%        N/A       14%         5
 Yara's Violent Unravell  Hex/Tmut       30%        3d13      14%         5
 Dispersal                Tloc           30%        N/A       58%         6
 Eringya's Noxious Bog    Tmut/Pois      30%        N/A       58%         6
 Summon Cactus Giant      Summ           30%        N/A       58%         6
 Haunt                    Necr/Summ      40%        N/A       77%         7
 Dragon Form              Tmut           30%        N/A       99%         7
 Summon Hydra             Summ           30%        N/A       99%         7
 Chain Lightning          Conj/Air       59%        3d78      99%         9
 Discord                  Hex            30%        N/A       100%        8
 Disjunction              Tloc           30%        N/A       100%        8
 Necromutation            Tmut/Necr      40%        N/A       100%        8
 Dragon's Call            Summ           30%        N/A       100%        9


Dungeon Overview and Level Annotations

Branches:
Dungeon (15/15)            Temple (0/1) D:7            Lair (6/6) D:11
 Shoals (4/4) Lair:2       Spider (4/4) Lair:3        Slime (5/5) Lair:6
    Orc (2/2) D:12            Elf (3/3) Orc:2        Vaults (4/5) D:13
  Crypt (0/3) Vaults:3     Depths (4/4) D:15            Zot (2/5) Depths:4
  Sewer (visited)         Ossuary (visited)

Shops:
D:1 :   D:8 !   D:10 :   D:12 *   Orc:2 **!*   Elf:2 *   Shoals:2 [
Vaults:2 =   Vaults:3 *   Depths:1 [=*   Depths:2 :=:

Portals:
Hell: Depths:1 Depths:2 Depths:4
Abyss: Depths:4
Pandemonium: Depths:1 Depths:2 Depths:4
Ziggurat: Depths:1

Annotations:
D:4 2 transporters, FluffGlitter's ghost, novice GrBe
Elf:2 5 runed translucent doors
Vaults:2 exclusion: obsidian statue
Depths:1 3 runed translucent doors


Innate Abilities, Weirdness & Mutations

You have an increased reservoir of magic. (+10% MP)
You shall have no god before yourself.
Your divine heritage dramatically boosts your attributes as you level up.
You are dopey. (Int -2)


Message History

Unknown command.
You cannot drink potions in your current state!
Unknown command.
You are too confused!
You bump into the rock wall.
The storm dragon breathes lightning at you.
The bolt of lightning misses you. The bolt of lightning hits you! You resist.
* * * LOW HITPOINT WARNING * * *
The bolt of lightning hits the storm dragon.
The storm dragon completely resists.
The wandering mushroom barely misses you.
The wandering mushroom closely misses you.
The wandering mushroom completely misses you.
The white draconian breathes frost at you.
The blast of cold hits you. You resist.
* * * LOW HITPOINT WARNING * * *
The curse toe gestures.
You're too confused to cast spells.
You cannot drink potions in your current state!
Unknown command.
You are too confused!
Unknown command.
The storm dragon misses you. The storm dragon claws you.
* * * LOW HITPOINT WARNING * * *
The storm dragon tramples you but does no damage.
The storm dragon barely misses you.
The storm dragon claws you but does no damage.
The storm dragon closely misses you. The deathcap barely misses you.
The wandering mushroom barely misses you.
The deathcap draws from the surrounding life force!
* * * LOW HITPOINT WARNING * * *
The wandering mushroom releases spores at you!
* * * LOW HITPOINT WARNING * * *
You are engulfed in a cloud of spores!
You are more confused.
Unknown command.
The storm dragon bites you!
* * * LOW HITPOINT WARNING * * *
The storm dragon barely misses you. The storm dragon tramples you!
* * * LOW HITPOINT WARNING * * *
You hold your ground!
The wandering mushroom misses you. The deathcap misses you.
The deathcap completely misses you.
The wandering mushroom releases spores at you but does no damage.
Unknown command.
You are too confused!
Unknown command.
The storm dragon bites you!!
* * * LOW HITPOINT WARNING * * *
The storm dragon closely misses you. The storm dragon tramples you!
You die...

***,,,****,,,,,,,,,,,,,,,,,,,****
*,,,* ******#...,,,,,,,,,,,,,,
*,,,* #...,,,,,,,,,,,,,, *****
#..#********,***** #..# *,***,,
#..# *,**,,, ##### #df# *,**,,,
##...## #ff# ***,**,,,
##.....###@f# *,,,***** *
##..#....##fD### *,,,* ** **
##..###...##..fz###**,,,****, ,**
#..#####...f^f..☼○°.○,,,,,,,,
,,**#.#######..#....####*,,,**,,,
,,,*########...#..### *,,,**,,,
,,,**######.......# *,,,*****
,,**,**###........# ***,* *
,***,,*##....#....# *,* *


You could see a storm dragon, a white draconian, a curse toe, 3 deathcaps and 5
wandering mushrooms.

Vanquished Creatures
  Dissolution (Slime:2)
  the Royal Jelly (Slime:5)
  A juggernaut (Depths:2)
  A Killer Klown (Zot:2)
  A curse toe (Zot:2)
  A caustic shrike (Depths:2)
  2 golden dragons (Zot:1)
  A profane servitor (Depths:4)
  Jory (Vaults:2)
  An electric golem (Zot:1)
  6 tentacled monstrosities
  A lich (Depths:2)
  The ghost of Haeres the Devastator, an adept DsCj of Gozag (Shoals:3)
  3 quicksilver dragons (Zot:1)
  2 titans
  A walking divine tome (Depths:2)
  2 deep elf master archers (Elf:3)
  2 deep elf blademasters (Elf:3)
  2 death cobs (Zot:1)
  6 sphinxes
  26 acid blobs
  Polyphemus (Shoals:2)
  A tengu reaver (Vaults:2)
  A kraken (Shoals:3)
  4 shadow dragons
  8 storm dragons
  12 rockslimes
  6 draconian monks (Zot:1)
  8 azure jellies
  5 fire giants
  2 frost giants
  3 deep elf sorcerers
  4 ghost moths
  Louise (Spider:1)
  4 orc warlords
  9 vault wardens
  2 draconian shifters
  3 emperor scorpions (Spider:4)
  2 deep elf elementalists (Elf:3)
  12 quicksilver oozes
  3 draconian stormcallers
  10 ironbound preservers
  7 stone giants
  5 war gargoyles
  19 very ugly things
  5 draconian annihilators
  A spriggan defender (Depths:4)
  2 reapers
  4 deep elf demonologists (Elf:3)
  5 green draconians
  A bunyip (shapeshifter) (Vaults:4)
  2 deep elf annihilators (Elf:3)
  4 entropy weavers
  11 dire elephants
  3 vampire knights
  6 red draconians
  7 black draconians
  3 yellow draconians
  5 purple draconians
  5 deep elf death magi (Elf:3)
  7 spark wasps
  2 white draconians (Zot:2)
  An eidolon (Vaults:3)
  2 pearl dragon zombies (Depths:4)
  6 fire dragons
  3 ettins
  9 merfolk impalers
  4 merfolk javelineers
  5 yaktaur captains
  7 ironbound thunderhulks
  3 deep elf high priests
  3 peacekeepers
  11 great orbs of eyes
  4 boulder beetles
  10 vault guards
  4 rakshasas
  An alligator snapping turtle (Shoals:2)
  10 two-headed ogres
  6 centaur warriors
  10 ironbound frosthearts
  7 hydras
  2 death knights
  4 ice dragons
  2 ogre magi
  6 catoblepae
  3 merfolk avatars
  11 dancing weapons
  6 merfolk aquamancers
  A satyr (Shoals:2)
  3 hell hogs (Depths:4)
  6 deep troll earth magi
  8 death yaks
  5 tengu warriors
  5 deep troll shamans
  Urug (Orc:1)
  7 orc high priests
  4 spriggan berserkers
  7 hell knights (Depths:4)
  6 iron trolls
  7 deep elf knights
  6 skeletal warriors
  5 sea snakes
  A glowing orange brain (shapeshifter) (Depths:2)
  45 deep trolls
  2 glowing orange brains
  A flayed ghost (D:10)
  11 ironbound convokers
  11 lindwurms
  11 deep elf archers
  19 wizards
  23 orc knights
  8 harpies
  14 orb spiders
  15 deep elf zephyrmancers
  An oklob plant (Lair:3)
  11 deep elf pyromancers
  4 necromancers
  6 orc sorcerers
  8 cyclopes
  3 fauns (Shoals:1)
  5 shining eyes
  30 ugly things
  25 wolf spiders
  8 moths of wrath
  10 merfolk sirens
  13 manticores
  4 apis skeletons (Depths:4)
  6 black mambas
  14 elephants
  14 cane toads
  A guardian serpent (shapeshifter) (D:14)
  An orange demon (Depths:1)
  A water nymph (shapeshifter) (Depths:2)
  2 rust devils
  12 vault sentinels
  2 eyes of devastation
  5 water nymphs (Shoals:4)
  2 smoke demons
  A centaur skeleton (D:15)
  A gargoyle (D:10)
  4 torpor snails
  4 freezing wraiths
  10 komodo dragons
  A kobold demonologist (D:10)
  17 yaktaurs
  A yaktaur (shapeshifter) (D:14)
  4 demonic crawlers
  Psyche (D:9)
  2 tengu conjurers
  An ice devil (Depths:1)
  13 trolls
  2 red devils (Depths:1)
  10 wind drakes
  25 merfolk
  32 jumping spiders
  6 polar bears
  21 hornets
  18 blink frogs
  87 slime creatures
  11 snapping turtles
  A meliai zombie (D:11)
  16 dream sheep
  9 air elementals
  3 shadows (D:12)
  20 spriggans
  57 yaks
  A vampire (D:13)
  3 wyverns
  86 redbacks
  35 water elementals
  2 wraiths (D:10)
  22 tarantellas
  A golden eye (shapeshifter) (Depths:2)
  8 basilisks
  4 chaos spawn
  3 fire elementals
  2 neqoxecs (Depths:1)
  5 golden eyes (Slime:2)
  10 vampire mosquitoes
  A steam dragon (D:9)
  3 wargs
  A naga (shapeshifter) (D:10)
  2 acid dragons
  Duvessa (D:7)
  2 ice beasts
  18 water moccasins
  A hornet zombie (D:15)
  3 floating eyes
  41 orc warriors
  3 black bears (Lair:6)
  14 ogres
  A necrophage (D:3)
  44 wolves
  17 centaurs
  A phantom (D:6)
  3 boggarts (Lair:6)
  2 kobold brigands
  2 earth elementals
  8 bullfrogs
  3 scorpions
  6 gnoll sergeants
  Dowan (D:7)
  8 killer bees
  5 electric eels
  6 wights
  6 howler monkeys
  A lava snake (D:13)
  7 centaur zombies
  A bullfrog zombie (D:6)
  9 hounds
  3 jellies
  A bullfrog skeleton (D:5)
  27 orc priests
  4 gnoll shamans
  Crazy Yiuf (D:4)
  8 iguanas
  22 orc wizards
  12 mummies (Ossuary)
  51 gnolls
  2 howler monkey zombies
  2 howler monkey skeletons
  7 adders
  An ufetubus (D:6)
  An adder skeleton (D:4)
  3 worms
  2 dart slugs (D:1)
  54 orcs
  5 endoplasms
  7 giant cockroaches
  3 goblins
  3 hobgoblins
  16 jackals
  15 kobolds
  5 quokkas
  3 ball pythons
  5 bats
  5 frilled lizards
  2 gnoll skeletons (Ossuary)
  2 goblin skeletons (Ossuary)
  A kobold skeleton (Ossuary)
  3 orc skeletons (Ossuary)
  2 rats
  11 rat skeletons (Ossuary)
  4 plants (Shoals:1)
  A tentacle (Shoals:3)
1903 creatures vanquished.

Vanquished Creatures (others)
  70 fungi
  252 plants
  3 tentacles (Shoals:3)
325 creatures vanquished.

Grand Total: 2228 creatures vanquished

Notes
Turn   | Place    | Note
-------+----------+-------------------------------------------
     0 | D:1      | vurker the Demigod Air Elementalist began the quest for the
                  | Orb.
     0 | D:1      | Reached XP level 1. HP: 14/14 MP: 5/5
   131 | D:1      | Reached skill level 1 in Conjurations
   266 | D:1      | Reached skill level 2 in Spellcasting
   349 | D:1      | Reached XP level 2. HP: 15/22 MP: 0/7
   956 | D:1      | Found Exodeof's Book Shoppe.
  1497 | D:2      | Reached skill level 1 in Fighting
  1497 | D:2      | Reached XP level 3. HP: 28/28 MP: 5/9
  2656 | D:3      | Got Plato's Compendium of Malediction
  3102 | D:3      | Reached XP level 4. HP: 30/35 MP: 4/10
  3294 | D:3      | Noticed a necrophage
  3312 | D:3      | Killed a necrophage
  3313 | D:3      | Reached skill level 3 in Spellcasting
  3313 | D:3      | Reached XP level 5. HP: 33/41 MP: 0/12
  4027 | D:4      | Noticed an ogre
  4038 | D:4      | Killed an ogre
  4183 | D:4      | Reached XP level 6. HP: 48/48 MP: 6/14
  4412 | D:4      | Found a transporter.
  4424 | D:4      | Noticed FluffGlitter's ghost (novice GrBe)
  4427 | D:4      | Found a transporter.
  4547 | D:4      | Learned a level 4 spell: Airstrike
  4811 | D:4      | Found a runed translucent door.
  4811 | D:4      | Identified the +8 mace of the Hero {spect, rPois Str-3
                  | Int+2 Stlth+}
  4813 | D:4      | Noticed Crazy Yiuf
  4839 | D:4      | Killed Crazy Yiuf
  5213 | D:5      | Entered Level 5 of the Dungeon
  5290 | D:5      | Reached skill level 4 in Spellcasting
  5604 | D:5      | Reached XP level 7. HP: 56/56 MP: 7/16
  5620 | D:5      | Reached skill level 5 in Air Magic
  6922 | D:1      | Bought Ozocubu's Autobiography for 288 gold pieces
  7135 | D:6      | Learned a level 7 spell: Ozocubu's Refrigeration
  7213 | D:6      | Found a glowing drain.
  7339 | Sewer    | Entered a sewer
  7480 | Sewer    | Reached skill level 5 in Spellcasting
  7480 | Sewer    | Reached skill level 1 in Ice Magic
  7939 | D:6      | Reached XP level 8. HP: 63/63 MP: 6/19
  9123 | D:7      | Found a sand-covered staircase.
  9143 | Ossuary  | Entered an ossuary
 10382 | D:7      | Reached skill level 6 in Spellcasting
 10767 | D:7      | Reached XP level 9. HP: 72/72 MP: 5/22
 11291 | D:7      | Found a staircase to the Ecumenical Temple.
 11315 | D:7      | Noticed Duvessa
 11319 | D:7      | Killed Duvessa
 11429 | D:7      | Noticed Dowan
 11431 | D:7      | Killed Dowan
 11602 | D:7      | Reached skill level 5 in Ice Magic
 11934 | D:8      | Identified the +7 trident of Forgiveness {venom, rPois
                  | Dex+3}
 12397 | D:8      | Reached skill level 5 in Fighting
 12397 | D:8      | Reached skill level 7 in Spellcasting
 12590 | D:8      | Identified the +0 buckler of Lucidity {Harm Will+ Int-2
                  | Stlth+}
 12633 | D:8      | Noticed a two-headed ogre
 12640 | D:8      | Killed a two-headed ogre
 12928 | D:8      | Found Kyimp's Distillery.
 13099 | D:8      | Identified a scroll of acquirement
 13099 | D:8      | Acquired the ring of the Philosopher {Fly rElec rPois rC+
                  | Str-3}
 13128 | D:8      | Noticed a two-headed ogre
 13130 | D:8      | Noticed a two-headed ogre
 13131 | D:8      | Killed a two-headed ogre
 13132 | D:8      | Reached XP level 10. HP: 81/81 MP: 12/25
 13169 | D:8      | Killed a two-headed ogre
 13545 | D:9      | Reached skill level 8 in Spellcasting
 14075 | D:9      | Noticed Psyche
 14078 | D:9      | Killed Psyche
 15057 | D:10     | Entered Level 10 of the Dungeon
 16243 | D:10     | Identified the +3 flail of the Purse {drain, rF+ rCorr}
 16434 | D:10     | Noticed a flayed ghost
 16438 | D:10     | Killed a flayed ghost
 16671 | D:10     | Found Uvoo's Book Shoppe.
 16795 | D:10     | Noticed a manticore
 16798 | D:10     | Reached XP level 11. HP: 54/91 MP: 11/28
 17052 | D:10     | Noticed a six-headed hydra
 17699 | D:9      | Killed a six-headed hydra
 17700 | D:9      | Reached skill level 9 in Spellcasting
 18263 | D:10     | Identified the +6 flail of Fragile Peace {freeze, rCorr
                  | Dex+4}
 18263 | D:10     | Noticed an ogre mage
 18264 | D:10     | Paralysed by an ogre mage for 3 turns
 18272 | D:10     | Killed an ogre mage
 18716 | D:10     | Noticed a skeletal warrior
 18895 | D:11     | Found a staircase to the Lair.
 18902 | D:11     | Acquired a +2 hat of see invisible
 18948 | D:11     | Noticed a tengu warrior
 19330 | D:11     | Noticed a two-headed ogre
 19334 | D:11     | Killed a two-headed ogre
 19366 | D:11     | Noticed a tengu warrior
 19465 | Lair:1   | Entered Level 1 of the Lair of Beasts
 20065 | Lair:1   | Identified the +10 quarterstaff of Truncation {drain, Str+5
                  | Dex+2}
 20517 | Lair:1   | Reached skill level 10 in Spellcasting
 21185 | Lair:1   | Reached XP level 12. HP: 100/100 MP: 17/30
 21384 | Lair:1   | Identified the +3 plate armour of Omission {rF++ Regen+}
 21832 | Lair:2   | Reached skill level 10 in Ice Magic
 22077 | Lair:2   | Found a staircase to the Shoals.
 22852 | Lair:2   | Reached skill level 11 in Spellcasting
 24219 | Lair:3   | Found a hole to the Spider Nest.
 24298 | Lair:3   | Noticed a six-headed hydra
 24316 | Lair:3   | Killed a six-headed hydra
 25061 | Lair:4   | Noticed a seven-headed hydra
 25061 | Lair:4   | Noticed a boulder beetle
 25064 | Lair:4   | Killed a seven-headed hydra
 25065 | Lair:4   | Reached XP level 13. HP: 103/108 MP: 13/33
 25555 | Lair:4   | Reached skill level 10 in Air Magic
 26267 | Lair:5   | Identified the +0 helmet of Broken Taboos {Regen+}
 26691 | Lair:6   | Entered Level 6 of the Lair of Beasts
 26694 | Lair:6   | Reached skill level 12 in Spellcasting
 27342 | Lair:6   | Identified the +0 scale mail of a sewer {*Corrode rF+ MP+9
                  | Dex+2}
 27522 | Lair:6   | Reached XP level 14. HP: 118/118 MP: 24/35
 27815 | Lair:6   | Reached skill level 1 in Shields
 27915 | Lair:6   | Found a staircase to the Slime Pits.
 28776 | D:11     | Identified the +1 falchion "Nochebeh" {freeze, Will++}
 29675 | D:10     | Got Vunwo's Volume of Feathery Calling
 29951 | D:11     | Found the +27 Lear's hauberk
 30002 | D:12     | Found a staircase to the Orcish Mines.
 30013 | D:12     | Reached skill level 13 in Spellcasting
 30193 | D:12     | Found Ympijol's Assorted Antiques.
 30706 | D:12     | Reached skill level 10 in Fighting
 30785 | D:12     | You are sucked into a shaft and drop 3 floors!
 30785 | D:15     | Entered Level 15 of the Dungeon
 31222 | D:12     | Found the +3 warlock's mirror {reflect}
 31226 | D:12     | Got the Catalogue of Necromancy
 31486 | Orc:1    | Entered Level 1 of the Orcish Mines
 31486 | Orc:1    | Noticed an orc warlord
 31500 | D:12     | Killed an orc warlord
 32162 | Orc:1    | Noticed Urug
 32168 | Orc:1    | Killed Urug
 32287 | Orc:2    | Entered Level 2 of the Orcish Mines
 32587 | Orc:2    | Found a staircase to the Elven Halls.
 32995 | Orc:2    | Reached XP level 15. HP: 127/127 MP: 9/37
 33653 | Orc:2    | Found Huzuc's General Store.
 33653 | Orc:2    | Found Jiong's General Store.
 33654 | Orc:2    | Found Zyss's General Store.
 33654 | Orc:2    | Found Zabletse's Distillery.
 33678 | Orc:2    | Bought a scroll of blinking for 120 gold pieces
 33678 | Orc:2    | Bought a scroll of magic mapping for 56 gold pieces
 34002 | D:1      | Bought the Volume of Stolen Souls for 552 gold pieces
 34011 | D:1      | Learned a level 8 spell: Infestation
 34020 | D:1      | Learned a level 8 spell: Maxwell's Capacitive Coupling
 34832 | D:13     | Found a gate to the Vaults.
 35954 | D:14     | Reached skill level 14 in Spellcasting
 37110 | D:15     | Found a staircase to the Depths.
 37494 | Spider:1 | Entered Level 1 of the Spider Nest
 38420 | Spider:1 | Noticed Louise
 38424 | Spider:1 | Killed Louise
 40594 | Spider:3 | Reached XP level 16. HP: 137/137 MP: 26/40
 41233 | Spider:4 | Entered Level 4 of the Spider Nest
 41407 | Spider:4 | Reached skill level 15 in Spellcasting
 41619 | Shoals:1 | Entered Level 1 of the Shoals
 41786 | Shoals:1 | Got Ytuaxis's Compendium of Poisoning
 42935 | Shoals:2 | Found Vierchem's Armour Boutique.
 43051 | Shoals:2 | Identified the +1 leather armour "Put-Me-On" {Contam rPois
                  | Will+++ rCorr}
 43581 | Shoals:2 | Noticed Polyphemus
 43643 | Shoals:2 | Killed Polyphemus
 44430 | Shoals:3 | Reached skill level 15 in Air Magic
 44703 | Shoals:3 | Noticed a kraken
 44845 | Shoals:3 | Found a runed translucent gate.
 44845 | Shoals:3 | Found a runed translucent gate.
 44845 | Shoals:3 | Found a runed translucent gate.
 44845 | Shoals:3 | Noticed Haeres's ghost (adept DsCj)
 45413 | Shoals:3 | Killed a kraken
 45501 | Shoals:3 | Killed Haeres's ghost
 45673 | Shoals:4 | Entered Level 4 of the Shoals
 45680 | Shoals:4 | Paralysed by an air elemental for 1 turns
 46393 | Shoals:4 | Reached XP level 17. HP: 146/146 MP: 28/42
 46537 | Shoals:4 | Acquired a +2 helmet of see invisible
 46752 | Shoals:4 | Identified the +7 ring mail "Boidiuts" {rElec rPois Will-
                  | Int+3}
 46847 | Shoals:4 | Reached skill level 16 in Spellcasting
 47074 | Shoals:4 | Noticed a titan
 47078 | Shoals:4 | Killed a titan
 47445 | Shoals:4 | Got a barnacled rune of Zot
 47958 | Spider:4 | Reached skill level 15 in Ice Magic
 48505 | Spider:4 | Reached skill level 1 in Necromancy
 50168 | Spider:4 | Identified the +4 quarterstaff of Shame {pain, rPois rN+++
                  | MP+9 Stlth-}
 50181 | Spider:4 | Got a gossamer rune of Zot
 50881 | Elf:1    | Entered Level 1 of the Elven Halls
 52783 | Elf:2    | Found Geego's Gadget Gallery.
 53414 | Elf:2    | Found a huge runed translucent gate.
 53414 | Elf:2    | Found a huge runed translucent gate.
 53415 | Elf:2    | Found a huge runed translucent gate.
 53422 | Elf:2    | Found a huge runed translucent gate.
 53425 | Elf:2    | Found a huge runed translucent gate.
 53663 | Elf:3    | Entered Level 3 of the Elven Halls
 53971 | Elf:3    | Reached XP level 18. HP: 136/156 MP: 30/44
 54526 | Elf:3    | Reached skill level 5 in Necromancy
 54805 | Elf:3    | Identified the ring "Qiuneod" {rF+ SInv}
 54859 | Elf:3    | Found the +3 sling "Punk" {acid, rCorr}
 54956 | Elf:2    | Acquired a scarf of resistance
 55012 | Elf:3    | Identified the +9 trident of Iconoclasm {vamp, Dex+2}
 55093 | Elf:3    | Identified the ring "Badafan" {rPois Dex+6}
 55103 | Elf:3    | Noticed a Tzitzimitl
 55396 | Elf:3    | Reached skill level 17 in Spellcasting
 55545 | Elf:3    | Identified the +9 crystal plate armour "Jediaxucw"
                  | {*Corrode Will+ Regen+ Dex+2}
 55840 | Elf:3    | Got the Volume of Quantum Companions
 55855 | Elf:3    | Got Sif Muna's Papyrus of Intoxication
 55906 | Elf:3    | Identified the +2 glaive "Utesiraaco" {protect, Str+2 Int+4
                  | Stlth+}
 55920 | Elf:3    | Identified the +8 hand crossbow of Vuxkoyde {elec, rPois
                  | rN+ Dex-2}
 55923 | Elf:3    | Identified the +3 scale mail of the Bull {MP+9 Str+4 Dex-3}
 56141 | D:13     | Upgraded the game from 0.28-a0-991-g956f0ee3d5 to
                  | 0.28-a0-998-gb9e9c7b67e
 56151 | D:13     | Learned a level 9 spell: Polar Vortex
 56152 | Vaults:1 | Entered Level 1 of the Vaults
 56430 | Vaults:1 | Found a crumbling gateway.
 56916 | Vaults:1 | Identified the +0 chain mail "Urhel" {Contam rElec rC+}
 58557 | Vaults:2 | Noticed Jory
 58561 | Vaults:2 | Killed Jory
 58661 | Vaults:2 | You are sucked into a shaft and drop 1 floor!
 59351 | Vaults:2 | Identified the +2 robe of Dishonesty {Str+6}
 59358 | Vaults:2 | Reached skill level 5 in Dodging
 59559 | Vaults:2 | Found Vibafy Ibul's Jewellery Emporium.
 59977 | Vaults:3 | Reached XP level 19. HP: 153/165 MP: 32/46
 60687 | Vaults:3 | Found a staircase to the Crypt.
 62122 | Vaults:3 | Found Pues's Assorted Antiques.
 62127 | Vaults:3 | Bought 2 potions of heal wounds for 360 gold pieces
 62127 | Vaults:3 | Bought a short iron wand for 144 gold pieces
 62735 | Vaults:4 | Reached skill level 18 in Spellcasting
 63401 | Vaults:4 | Acquired the Disquisition on Spatial Weightlessness
 64760 | Depths:1 | Entered Level 1 of the Depths
 64806 | Depths:1 | Found Pytad's Assorted Antiques.
 64811 | Depths:1 | Bought a scroll of fog for 84 gold pieces
 64935 | Depths:1 | Reached XP level 20. HP: 174/174 MP: 16/48
 65051 | Depths:1 | Found a gateway to Hell.
 65089 | Depths:1 | Found a runed translucent gate.
 65089 | Depths:1 | Found a runed translucent gate.
 65089 | Depths:1 | Found a runed translucent gate.
 65354 | Depths:1 | Found a gateway to a ziggurat.
 65714 | Depths:1 | Found Zotenib's Jewellery Emporium.
 65714 | Depths:1 | Found Kuhayt's Armour Shoppe.
 65728 | Depths:1 | Bought the ring of Disaster {Wiz rF+ rC+} for 918 gold
                  | pieces
 65810 | Depths:1 | Gained mutation: You are dopey. (Int -2) [a neqoxec]
 65938 | Depths:1 | Found a one-way gate leading to the halls of Pandemonium.
 67819 | Depths:2 | Found Atinlylie's Book Shop.
 67819 | Depths:2 | Found Vaorch's Jewellery Emporium.
 67820 | Depths:2 | Found Ycot's Book Shop.
 67830 | Depths:2 | Bought a manual of Dodging for 1520 gold pieces
 67933 | Depths:2 | Noticed a caustic shrike
 67940 | Depths:2 | Killed a caustic shrike
 69044 | Depths:2 | Noticed a juggernaut
 69048 | Depths:2 | Killed a juggernaut
 69815 | Depths:4 | Entered Level 4 of the Depths
 69860 | Depths:4 | Reached skill level 19 in Spellcasting
 70273 | Depths:4 | Found a one-way gate to the infinite horrors of the Abyss.
 70691 | Depths:4 | Found a gate to the Realm of Zot.
 71206 | Depths:4 | Reached XP level 21. HP: 183/183 MP: 36/50
 71816 | Slime:1  | Entered Level 1 of the Pits of Slime
 71862 | Slime:2  | Reached skill level 15 in Fighting
 71947 | Slime:3  | Noticed Dissolution
 71956 | Slime:2  | Killed Dissolution
 72910 | Slime:4  | Reached skill level 10 in Dodging
 72948 | Slime:5  | Entered Level 5 of the Pits of Slime
 73125 | Slime:5  | Noticed the Royal Jelly
 73129 | Slime:5  | Killed the Royal Jelly
 74197 | Slime:5  | Identified the +10 trident of the Moth {holy, Str+4}
 74201 | Slime:5  | Got the Catalogue of Snow
 74204 | Slime:5  | Identified the +5 scale mail of Midsummer {Harm rPois Will+
                  | Int+7}
 74243 | Slime:5  | Identified the +8 dagger of Meuskuel {holy, Fly rN+++ Int-3
                  | SInv}
 74320 | Slime:5  | Identified the +3 broad axe "Transmigrator" {freeze, rPois
                  | rF+ rC- Int+2}
 74366 | Slime:5  | Got a slimy rune of Zot
 76189 | Zot:1    | Entered Level 1 of the Realm of Zot
 76208 | Zot:2    | Reached skill level 20 in Spellcasting
 76927 | Zot:1    | Noticed a golden dragon
 76931 | Zot:1    | Killed a golden dragon
 76933 | Zot:1    | Noticed a golden dragon
 76949 | Zot:1    | Killed a golden dragon
 77442 | Zot:1    | You are sucked into a shaft and drop 1 floor!
 77442 | Zot:2    | Noticed a Killer Klown
 77446 | Zot:2    | Killed a Killer Klown
 77610 | Zot:1    | Reached XP level 22. HP: 165/194 MP: 20/52
 79529 | Zot:2    | Noticed a curse toe
 79537 | Zot:2    | Killed a curse toe
 79785 | Zot:2    | Noticed a curse toe
 79794 | Zot:2    | HP: 8/194 [storm dragon (19)]
 79794 | Zot:2    | Slain by a storm dragon

Illustrated notes

Levels and vault maps discovered:
D:1:      dpeg_arrival_arbitrary_c, layout_basic, serial_shops, shop
D:2:      layout_loops_corners, minmay_heptomino_h4
D:3:      layout_basic, shapermc_ecumenical_altar_rom_forum
D:4:      layout_loops_ring, chequers_temple_overflow_minitemple,
          gammafunk_ghost_arena, uniq_crazy_yiuf_cottage
D:5:      layout_cave_pools, kennysheep_nondescript, grunt_ministairs_11,
          kennysheep_small_square
D:6:      layout_cave_pools, portal_sewer_entry_f
D:7:      layout_cave_pools, temple_statues, serial_glass, glass_columns_a,
          glass_columns_a, glass_columns_a, glass_columns_a, glass_columns_b,
          glass_columns_a, enter_bailey_6, nicolae_ossuary_entry_ruins,
          uniq_duvessa
D:8:      layout_cave_pools, serial_shops, shop_coins
D:9:      layout_long_grid, mainiacjoe_overflow_six_doors_small,
          lemuel_crystal_altar, serial_rivers, chequers_serial_rivers_micro_e,
          chequers_serial_rivers_micro_b, chequers_serial_rivers_small_b,
          chequers_serial_rivers_micro_e, chequers_serial_rivers_marsh,
          uniq_psyche
D:10:     minmay_the_grid_4x2 [minmay_the_grid_outer_diamond,
          minmay_the_grid_medium_cups, minmay_the_grid_minigrid_small_alt,
          minmay_the_grid_odd_star, minmay_the_grid_slots,
          minmay_the_grid_eight, minmay_the_grid_aliased_spiral,
          minmay_the_grid_prize_trominoes], layout_cave_pools,
          serial_gnoll_camp, gnoll_camp_mini_house, gnoll_camp_mini_shop,
          gnoll_camp_huts_moat, gnoll_camp_medium_01, gnoll_camp_mini_hut
D:11:     layout_rooms, dpeg_oklobed_lair, minivault_10,
          hellmonk_guarded_unrand_lears
D:12:     minmay_smoke_and_mirrors, layout_irregular_city, orc_0_dummy,
          serial_shops, nicolae_stop_n_shop_1
D:13:     layout_basic, erik_vaults_1
D:14:     kennysheep_big_flooded_room, layout_loops_corners
D:15:     grunt_enter_depths_magical_seal, layout_rooms, fedhas_altar_fruit_tree
Lair:1:   beast_lair_carwin_large_2, layout_concentric_octagons,
          small_statue_intersection
Lair:2:   layout_cellular_growth, minmay_shoals_entry_hut, st_stairs_3,
          minmay_stone_trees_small
Lair:3:   layout_regular_city, nicolae_spider_entry_tight_spaces
Lair:4:   layout_layer_cave
Lair:5:   layout_loops_ring, patterned_corridor
Lair:6:   minmay_lair_end_enchanted_forest, layout_regular_city, slime_altar_1,
          nicolae_lair_yak_garden
Shoals:1: layout_shoals, nicolae_shoals_wave_tunnel
Shoals:2: layout_shoals, serial_shops, nicolae_shop_trees,
          nicolae_shoals_hunting_party, uniq_polyphemus
Shoals:3: cheibrodos_shoals_baths, layout_shoals, ebering_ghost_rock_garden
Shoals:4: shoals_end_hellmonk_storm_palace [storm_palace_center_ruins,
          storm_palace_corner_narrow, storm_palace_corner_narrow,
          storm_palace_corner_altar, storm_palace_corner_grid]
Spider:1: layout_chambers, uniq_louise
Spider:2: layout_chambers, nicolae_spider_stair_cavern
Spider:3: layout_spider_delve
Spider:4: spider_rune_water
Slime:1:  layout_caves
Slime:2:  layout_caves, cheibrodos_slime_lost_civilization_6
Slime:3:  cheibrodos_slime_lost_civilization_8, layout_caves, dissolution_awaits
Slime:4:  layout_caves, nicolae_slime_barrier, uniq_dissolution
Slime:5
Orc:1:    layout_caves, uniq_urug
Orc:2:    st_orc_elflike, layout_diamond_mine
Elf:1:    layout_geoelf_grid, special_room [special_room_orc],
          hangedman_corner_corridor
Elf:2:    elven_hall_of_blades_hangedman_alternative
          [nicolae_blade_entry_crossed_weapons], layout_gridlike,
          nicolae_shop_gadgets
Elf:3:    elf_hall_gauntlet_narrow, layout_gridlike
Vaults:1: portal_desolation_entry_nicolae_slug, vaults_dpeg_doors, v_misc_26,
          vaults_room_fours, vaults_room_pool, grunt_vaults_diagonal,
          grunt_vaults_swirl, nicolae_vaults_asterisk, vaults_room_pool,
          nicolae_vaults_little_squares_3, nicolae_vaults_diagonal_hallway_6,
          v_misc_5, layout_vaults_quadrants
Vaults:2: nicolae_vaults_statue_guard, v_misc_27, vaults_dpeg_diagonal,
          v_misc_10, vaults_room_corners, vaults_dpeg_encased_lava,
          vaults_room_octagon, ontoclasm_vaults_loading_screen,
          vaults_room_door_ring, layout_vaults_omnicross, serial_shops,
          nicolae_diamond_shop, uniq_jory
Vaults:3: minmay_crypt_entry_simple_box, nicolae_vaults_network_quincunx
          [nicolae_vaults_network_quincunx_subvault,
          nicolae_vaults_network_quincunx_subvault,
          nicolae_vaults_network_quincunx_subvault,
          nicolae_vaults_network_quincunx_subvault,
          nicolae_vaults_network_quincunx_subvault],
          nicolae_vaults_little_squares_5, v_alt_pattern_5, v_misc_25,
          nicolae_vaults_hallways_thing, hangedman_vaults_stitches,
          hangedman_vaults_slither, hangedman_vaults_cutoff, v_misc_33,
          v_misc_25, vaults_dpeg_ring, layout_vaults_maze, serial_shops, shop
Vaults:4: nicolae_vaults_mini_display_case, hangedman_vaults_capsules,
          nicolae_vaults_specimen_jars, v_misc_17, special_room_vaults
          [special_room_orc], nicolae_vaults_alarming, vaults_dpeg_cross,
          hangedman_vaults_unwind, vaults_room_pools, ontoclasm_vaults_twist,
          layout_vaults_big_room
Depths:1: layout_forbidden_donut, ziggurat_fallback, serial_shops,
          nicolae_shop_hallway_stairs, hell_entry, grunt_pan_entry_sceptre,
          pandoras_box_mu, minmay_shoptagon
Depths:2: minmay_three_patterns, layout_basic, hell_entry,
          rand_demon_pan_entry_9, infiniplex_staircase_squiggle,
          minmay_shop_grove, grunt_megastairs_5
Depths:3: hangedman_slaughterboxes, abyss_entry, hell_entry, uniq_enchantress
Depths:4: grunt_x_marks_the_spot, layout_basic, pan_entry, good_gods_temple_1,
          pf_coc_iceberg, abyss_entry, hangedman_blasphemy
Zot:1:    layout_twisted_circle, zot_minivault_1
Zot:2:    regret_index_qazlal_generations, layout_misc_corridors,
          lemuel_baited_zot_trap

Skill      XL: |  1  2  3  4  5  6  7  8  9 10 11 12 13 14 15 16 17 18 19 20 21 22 |
---------------+-------------------------------------------------------------------+-----
Conjurations   | 1 2 3 |  3.0
Spellcasting   | 2 3 4 5 6 7 8 10 11 12 13 14 15 16 17 18 19 20 | 20.4
Air Magic      | 3 4 5 6 7 8 9 11 12 14 15 16 17 18 19 | 19.0
Fighting       | 1 2 3 4 5 6 7 8 9 10 11 12 13 14 15 | 15.9
Ice Magic      | 1 4 6 7 9 11 12 13 14 15 16 17 19 | 19.5
Shields        | 4 |  4.0
Necromancy     | 4 5 |  5.7
Dodging        | 3 5 6 9 11 12 | 12.3
Stealth        | |  1.7

Action                   |  1- 3 |  4- 6 |  7- 9 | 10-12 | 13-15 | 16-18 | 19-21 | 22-24 || total
-------------------------+-------+-------+-------+-------+-------+-------+-------+-------++-------
Melee: Unarmed           |     9 |       |       |       |       |       |       |       ||     9
       Dagger            |       |     1 |    18 |       |       |       |       |       ||    19
       Whip              |       |       |       |     2 |       |       |       |       ||     2
       Flail             |       |       |       |     7 |       |       |       |       ||     7
 Cast: Shock             |   112 |   107 |    73 |    65 |    13 |       |       |       ||   370
       Airstrike         |       |    10 |   183 |   272 |   320 |    31 |       |       ||   816
       Ozocubu's Refrige |       |       |       |    35 |   266 |   674 |   635 |    68 ||  1678
       Maxwell's Capacit |       |       |       |       |     1 |     5 |    36 |    10 ||    52
       Polar Vortex      |       |       |       |       |       |       |     3 |       ||     3
Evoke: Wand              |       |       |       |    13 |     5 |     3 |    19 |       ||    40
  Use: Scroll            |       |       |    18 |    10 |     8 |     5 |     8 |     4 ||    53
       Potion            |       |       |       |     4 |     1 |     1 |     2 |     2 ||    10
Armor: Robe              |     6 |     3 |     7 |    24 |    20 |    21 |    66 |    14 ||   161
Dodge: Dodged            |    25 |    29 |    79 |   102 |    57 |    60 |   112 |    50 ||   514
Block: Buckler           |       |       |       |       |    35 |    39 |    93 |    15 ||   182
       Reflection        |       |       |       |       |     7 |    12 |    17 |     5 ||    41

Table legend: (Time is in decaauts)
 A = Elapsed time spent in this place.
 B = Non-inter-level travel time spent in this place.
 C = Inter-level travel time spent in this place.
 D = Time resting spent in this place.
 E = Time spent auto-exploring this place.
 F = Levels seen in this place.
 G = Mean time per level.
                   A        B        C        D        E       F      G
               +--------+--------+--------+--------+--------+-----+--------+
         Total |  79921 |  73566 |   6355 |   7125 |  56899 |  51 | 1567.1 |
       Dungeon |  25458 |  23413 |   2045 |   1809 |  18628 |  15 | 1697.2 |
          Lair |   9458 |   8650 |    808 |    651 |   6979 |   6 | 1576.3 |
        Shoals |   5827 |   5435 |    392 |      0 |   4766 |   4 | 1456.8 |
   Spider Nest |   7232 |   6687 |    545 |    409 |   5619 |   4 | 1808.0 |
    Slime Pits |   4061 |   3924 |    137 |   2324 |    884 |   5 |  812.2 |
  Orcish Mines |   2076 |   1883 |    193 |    100 |   1356 |   2 | 1038.0 |
   Elven Halls |   5186 |   4606 |    580 |     24 |   3974 |   3 | 1728.7 |
        Vaults |   8563 |   7738 |    825 |    304 |   6478 |   4 | 2140.8 |
        Depths |   8223 |   7508 |    715 |   1417 |   5210 |   4 | 2055.8 |
           Zot |   2328 |   2215 |    113 |     87 |   1672 |   2 | 1164.0 |
         Sewer |    275 |    275 |      0 |      0 |    222 |   1 |  275.0 |
       Ossuary |   1229 |   1229 |      0 |      0 |   1111 |   1 | 1229.0 |
               +--------+--------+--------+--------+--------+-----+--------+

Top non-repeatable levels by time:
    D:10: 3190 daAuts
Depths:2: 3146 daAuts
Spider:4: 2990 daAuts
     D:9: 2949 daAuts
Depths:4: 2931 daAuts
Vaults:3: 2421 daAuts
  Lair:1: 2398 daAuts
Vaults:2: 2375 daAuts
Vaults:4: 2173 daAuts
   Elf:3: 2134 daAuts
     D:5: 2105 daAuts
  Lair:6: 1984 daAuts
   Zot:1: 1877 daAuts
    D:12: 1835 daAuts
Shoals:4: 1832 daAuts
